Flames vs Avalanche

Created - Sunday, April 17, 2016 at 00:22

Goals
1 2 3 T
Flames 0 1 0 1
Avalanche 1 0 2 3
Shots
1 2 3 T
Flames 9 23 10 42
Avalanche 5 12 10 27

1st period

1. Avalanche , Matt Moulson 1 (Mike Santorelli) at 7:37

Penalties :
Christian Ehrhoff (Col) for Hooking (Minor) at 0:44, Dougie Hamilton (Cal) for Roughing (Minor) at 3:09, Mark Scheifele (Col) for Tripping (Minor) at 11:02

2nd period

2. Flames , Sean Monahan 1 (Johnny Gaudreau, John Klingberg) at 3:47 (PP)

Penalties :
Christian Ehrhoff (Col) for Interference (Minor) at 3:21, Matt Dumba (Col) for Interference (Minor) at 11:47

3rd period

3. Avalanche , Matt Beleskey 2 (Ryan O'Reilly, Nate Prosser) at 3:22
4. Avalanche , Mark Scheifele 2 (Marcus Johansson, Lee Stempniak) at 9:24

Penalties :
Matt Dumba (Col) for Goalie Interference (Minor) at 6:54, Matt Dumba (Col) for Slashing (Minor) at 19:19

Goalie Stats

Antti Niemi (Cal), 24 saves from 27 shots - (0.889), L, 1-1-1, 60:00 minutes
Marc-Andre Fleury (Col), 41 saves from 42 shots - (0.976), W, 2-1-0, 60:00 minutes

Players Stats for Flames

Player Name              G  A  P  +/- PIM S  H  SB GA TA FO     MP     PP MP  PK MP  
------------------------------------------------------------------------------------
Antoine Vermette         0  0  0  -2  0   4  0  0  1  0  2/3    11:45   0:00   1:00 
Brian Campbell           0  0  0  -2  0   0  0  1  0  2  0/0    20:58   3:51   0:16 
Brian Gionta             0  0  0  -2  0   3  0  0  2  0  1/1    11:45   0:00   1:00 
Chris Kunitz             0  0  0  -1  0   0  3  1  1  0  0/1    12:31   0:00   0:00 
Dougie Hamilton          0  0  0  -1  2   0  3  1  1  0  0/0    20:58   3:51   0:00 
Erik Cole                0  0  0   0  0   3  2  2  2  0  0/0    12:57   0:00   0:00 
Henrik Sedin             0  0  0   0  0   5  1  1  2  1  4/10   13:56   0:00   0:59 
Jaden Schwartz           0  0  0   0  0   3  2  0  1  0  0/0    17:09   3:45   0:00 
Jason Pominville         0  0  0   0  0   4  0  1  1  0  0/1    15:47   3:45   0:00 
Jason Spezza             0  0  0  -1  0   2  0  0  1  0  8/12   16:43   3:45   0:00 
John Klingberg           0  1  1  -1  0   0  2  1  0  0  0/0    21:08   5:11   0:00 
Johnny Gaudreau          0  1  1   0  0   4  0  0  2  0  0/0    17:36   5:17   0:00 
Kris Russell             0  0  0   0  0   2  0  1  0  1  0/0    13:41   0:00   0:16 
Martin St. Louis         0  0  0  -1  0   1  1  1  0  0  1/1    18:32   5:17   0:00 
Ryan Murray              0  0  0  -1  0   1  0  2  0  1  0/0    17:03   0:00   1:43 
Sean Monahan             1  0  1   0  0   5  2  0  4  0  9/17   17:36   5:17   0:00 
Shane Doan               0  0  0  -2  0   0  1  0  0  0  0/0    11:44   0:00   0:59 
TJ Brodie                0  0  0  -1  0   5  1  3  0  4  0/0    26:11   5:11   1:43 

Players Stats for Avalanche

Player Name              G  A  P  +/- PIM S  H  SB GA TA FO     MP     PP MP  PK MP  
------------------------------------------------------------------------------------
Brad Richards            0  0  0   1  0   4  0  0  1  0  3/7    16:52   0:53   1:37 
Chris Kelly              0  0  0   0  0   2  3  0  0  0  1/3     7:48   0:00   0:24 
Christian Ehrhoff        0  0  0   0  4   0  0  0  0  1  0/0    20:37   0:56   3:44 
Colton Sceviour          0  0  0   0  0   0  1  0  1  0  0/0     7:24   0:00   0:00 
Daniel Winnik            0  0  0   0  0   0  1  1  3  0  0/1    15:58   0:53   7:01 
Jonas Brodin             0  0  0   2  0   2  0  5  1  3  0/0    25:46   0:56   5:14 
Ladislav Smid            0  0  0   1  0   1  1  1  0  0  0/0    12:41   0:00   0:00 
Lee Stempniak            0  1  1   1  0   3  2  0  0  0  1/1    15:34   0:53   0:00 
Marcus Johansson         0  1  1   1  0   4  0  0  2  0  0/0    17:42   1:03   1:37 
Mark Scheifele           1  0  1   1  2   3  1  0  1  0  7/9    15:49   1:06   0:00 
Matt Beleskey            1  0  1   1  0   1  4  0  1  0  0/1    13:34   1:06   0:00 
Matt Dumba               0  0  0   2  6   1  0  2  0  0  0/0    21:08   1:03   0:04 
Matt Moulson             1  0  1   1  0   1  1  0  3  0  0/1    13:43   0:00   0:00 
Mike Santorelli          0  1  1   1  0   0  3  1  0  0  0/0    13:43   0:00   0:00 
Nate Prosser             0  1  1   1  0   3  0  0  1  2  0/0    17:56   0:00   4:42 
Paul Martin              0  0  0   0  0   1  0  0  0  1  0/0    20:48   0:00   4:20 
Ryan O'Reilly            0  1  1   1  0   0  0  0  1  1  9/23   21:21   1:06   7:25 
Zack Smith               0  0  0   1  0   1  1  1  0  1  0/0    12:28   0:00   0:00 

3 Stars

1 - Marc-Andre Fleury (Col)
2 - Matt Beleskey (Col)
3 - Matt Moulson (Col)

Power Play

Flames - 1 on 6 Attempt(s) - 16.67%
Avalanche - 0 on 1 Attempt(s) - 0.00%

Penalty Kill

Flames - 1 on 1 Attempt(s) - 100.00% - Score 0 goal in Penalty Kill
Avalanche - 5 on 6 Attempt(s) - 83.33% - Score 0 goal in Penalty Kill

Team Stat

Flames - Hits : 18 - Faceoff Wins : 25 - Blocked Shots : 15 - Penalty Minutes : 2
Avalanche - Hits : 18 - Faceoff Wins : 21 - Blocked Shots : 11 - Penalty Minutes : 12

Official

Referees : Unknown
Linesman : Unknown

Game Notes

No Game Note

Finance

Level 1 -- Attendance: 6000 (100.00%) -- Ticket Income $498,000
Level 2 -- Attendance: 5000 (100.00%) -- Ticket Income $270,000
Level 3 -- Attendance: 2000 (100.00%) -- Ticket Income $58,000
Level 4 -- Attendance: 4000 (100.00%) -- Ticket Income $68,000
Luxury Box -- Attendance: 1000 (100.00%) -- Ticket Income $160,000
Game was played at the Pepsi Center.
Total Attendance: 18000 (100.00%)
Total Ticket Income: $1,054,000
Other Income: $516,460
Total Income: $1,570,460

Flames

5 vs 5 Forward 
   Center                   Left Wing                Right Wing               Time % Phy DF OF 
 1 Henrik Sedin             Jaden Schwartz           Erik Cole                27     0   1  4  
 2 Sean Monahan             Johnny Gaudreau          Jason Pominville         26     0   1  4  
 3 Jason Spezza             Chris Kunitz             Martin St. Louis         25     1   1  3  
 4 Antoine Vermette         Shane Doan               Brian Gionta             22     1   1  3  

5 vs 5 Defense 
   Defense                  Defense                                           Time % Phy DF OF 
 1 TJ Brodie                John Klingberg                                    32     0   2  3  
 2 Kris Russell             Dougie Hamilton                                   30     0   2  3  
 3 Brian Campbell           Ryan Murray                                       28     1   2  2  
 4 TJ Brodie                Dougie Hamilton                                   10     0   2  3  

PowerPlay Forward 
   Center                   Left Wing                Right Wing               Time % Phy DF OF 
 1 Jason Spezza             Jaden Schwartz           Jason Pominville         50     0   0  5  
 2 Sean Monahan             Johnny Gaudreau          Martin St. Louis         50     0   0  5  

PowerPlay Defense
   Defense                  Defense                                           Time % Phy DF OF 
 1 Brian Campbell           Dougie Hamilton                                   50     0   1  4  
 2 TJ Brodie                John Klingberg                                    50     0   1  4  

Penalty Kill 4 Players Forward 
   Center                   Wing                     Time % Phy DF OF 
 1 Antoine Vermette         Brian Gionta             50     0   5  0  
 2 Henrik Sedin             Shane Doan               50     0   5  0  

Penalty Kill 4 Players Defense
   Defense                  Defense                  Time % Phy DF OF 
 1 TJ Brodie                Ryan Murray              50     0   5  0  
 2 Kris Russell             Brian Campbell           50     0   5  0  

Penalty Kill - 3 Players Forward 
   Forward                                           Time % Phy DF OF 
 1 Henrik Sedin                                      50     0   5  0  
 2 Antoine Vermette                                  50     0   5  0  

Penalty Kill - 3 Players Defense
   Defense                  Defense                  Time % Phy DF OF 
 1 TJ Brodie                Brian Campbell           50     0   5  0  
 2 Kris Russell             Ryan Murray              50     0   5  0  

4 vs 4 Forward 
   Center                   Wing                     Time % Phy DF OF 
 1 Henrik Sedin             Jaden Schwartz           50     0   2  3  
 2 Sean Monahan             Johnny Gaudreau          50     0   2  3  

4 vs 4 Defense
   Defense                  Defense                  Time % Phy DF OF 
 1 TJ Brodie                Dougie Hamilton          50     1   2  2  
 2 Kris Russell             John Klingberg           50     1   2  2  

Last Minutes Offensive
   Center                   Left Wing                Right Wing               Defense                  Defense                  
   Henrik Sedin             Jaden Schwartz           Johnny Gaudreau          John Klingberg           Dougie Hamilton          

Last Minutes Defensive
   Center                   Left Wing                Right Wing               Defense                  Defense                  
   Antoine Vermette         Shane Doan               Brian Gionta             TJ Brodie                Kris Russell             

Goaltenders
Starting : Antti Niemi              
Backup : James Reimer             

Extra Forwards
Normal : Chris Kunitz, Shane Doan, Erik Cole - PP : Henrik Sedin, Chris Kunitz - PK : Erik Cole
Extra Defensemen
Normal : Brian Campbell, Ryan Murray, Kris Russell - PP : Ryan Murray - PK : Dougie Hamilton, Brian Campbell
Penalty Shots
Chris Kunitz, Sean Monahan, Jason Pominville, Jason Spezza, Brian Gionta

Avalanche

5 vs 5 Forward 
   Center                   Left Wing                Right Wing               Time % Phy DF OF 
 1 Ryan O'Reilly            Matt Beleskey            Zack Smith               37     0   4  1  
 2 Mark Scheifele           Marcus Johansson         Lee Stempniak            32     0   4  1  
 3 Brad Richards            Matt Moulson             Mike Santorelli          24     0   4  1  
 4 Chris Kelly              Daniel Winnik            Colton Sceviour          7      0   5  0  

5 vs 5 Defense 
   Defense                  Defense                                           Time % Phy DF OF 
 1 Jonas Brodin             Matt Dumba                                        37     0   4  1  
 2 Paul Martin              Christian Ehrhoff                                 32     0   4  1  
 3 Ladislav Smid            Nate Prosser                                      18     0   4  1  
 4 Jonas Brodin             Matt Dumba                                        13     0   4  1  

PowerPlay Forward 
   Center                   Left Wing                Right Wing               Time % Phy DF OF 
 1 Ryan O'Reilly            Matt Beleskey            Mark Scheifele           70     0   0  5  
 2 Brad Richards            Daniel Winnik            Lee Stempniak            30     0   0  5  

PowerPlay Defense
   Defense                  Defense                                           Time % Phy DF OF 
 1 Marcus Johansson         Matt Dumba                                        70     0   0  5  
 2 Christian Ehrhoff        Jonas Brodin                                      30     0   0  5  

Penalty Kill 4 Players Forward 
   Center                   Wing                     Time % Phy DF OF 
 1 Ryan O'Reilly            Daniel Winnik            60     0   5  0  
 2 Brad Richards            Marcus Johansson         40     0   5  0  

Penalty Kill 4 Players Defense
   Defense                  Defense                  Time % Phy DF OF 
 1 Jonas Brodin             Paul Martin              60     0   5  0  
 2 Christian Ehrhoff        Nate Prosser             40     0   5  0  

Penalty Kill - 3 Players Forward 
   Forward                                           Time % Phy DF OF 
 1 Ryan O'Reilly                                     60     0   5  0  
 2 Daniel Winnik                                     40     0   5  0  

Penalty Kill - 3 Players Defense
   Defense                  Defense                  Time % Phy DF OF 
 1 Jonas Brodin             Paul Martin              60     0   5  0  
 2 Christian Ehrhoff        Nate Prosser             40     0   5  0  

4 vs 4 Forward 
   Center                   Wing                     Time % Phy DF OF 
 1 Ryan O'Reilly            Mark Scheifele           60     0   4  1  
 2 Brad Richards            Marcus Johansson         40     0   4  1  

4 vs 4 Defense
   Defense                  Defense                  Time % Phy DF OF 
 1 Jonas Brodin             Matt Dumba               60     0   4  1  
 2 Paul Martin              Christian Ehrhoff        40     0   4  1  

Last Minutes Offensive
   Center                   Left Wing                Right Wing               Defense                  Defense                  
   Ryan O'Reilly            Marcus Johansson         Mark Scheifele           Ladislav Smid            Matt Dumba               

Last Minutes Defensive
   Center                   Left Wing                Right Wing               Defense                  Defense                  
   Ryan O'Reilly            Daniel Winnik            Mark Scheifele           Jonas Brodin             Paul Martin              

Goaltenders
Starting : Marc-Andre Fleury        
Backup : Eddie Lack               

Extra Forwards
Normal : Ryan O'Reilly, Mark Scheifele, Marcus Johansson - PP : Ryan O'Reilly, Mark Scheifele - PK : Daniel Winnik
Extra Defensemen
Normal : Matt Dumba, Christian Ehrhoff, Jonas Brodin - PP : Matt Dumba - PK : Jonas Brodin, Christian Ehrhoff
Penalty Shots
Ryan O'Reilly, Daniel Winnik, Brad Richards, Marcus Johansson, Mark Scheifele

% Time on Ice - Flames

Lines # - Real PCT - Wanted PCT - Time Play
Normal Forward
1 - 27% - 27% - 13:24
2 - 25% - 26% - 12:19
3 - 26% - 25% - 12:31
4 - 22% - 22% - 10:45
Normal Defense
1 - 32% - 32% - 15:45
2 - 30% - 30% - 14:34
3 - 31% - 28% - 15:20
4 - 7% - 10% - 3:20
PP Forward
1 - 42% - 50% - 3:45
2 - 58% - 50% - 5:17
PP Defense
1 - 43% - 50% - 3:51
2 - 57% - 50% - 5:11
PK Forward
1 - 50% - 50% - 1:00
2 - 50% - 50% - 0:59
PK Defense
1 - 87% - 50% - 1:43
2 - 13% - 50% - 0:16
PK3 Forward
1 - 0% - 50%
2 - 0% - 50%
PK3 Defense
1 - 0% - 50%
2 - 0% - 50%
44 Forward
1 - 0% - 50%
2 - 0% - 50%
44 Defense
1 - 0% - 50%
2 - 0% - 50%
Last Minute Offensive  - 0:00
Last Minute Defensive  - 0:00
Total
Forward - 60:00
Defense - 60:00

% Time on Ice - Avalanche

Lines # - Real PCT - Wanted PCT - Time Play
Normal Forward
1 - 26% - 37% - 12:50
2 - 31% - 32% - 15:02
3 - 28% - 24% - 13:43
4 - 15% - 7% - 7:24
Normal Defense
1 - 35% - 37% - 17:09
2 - 33% - 32% - 16:24
3 - 26% - 18% - 12:41
4 - 6% - 13% - 2:45
PP Forward
1 - 55% - 70% - 1:06
2 - 45% - 30% - 0:53
PP Defense
1 - 53% - 70% - 1:03
2 - 47% - 30% - 0:56
PK Forward
1 - 82% - 60% - 7:25
2 - 18% - 40% - 1:37
PK Defense
1 - 48% - 60% - 4:20
2 - 52% - 40% - 4:42
PK3 Forward
1 - 0% - 60%
2 - 0% - 40%
PK3 Defense
1 - 0% - 60%
2 - 0% - 40%
44 Forward
1 - 0% - 60%
2 - 0% - 40%
44 Defense
1 - 0% - 60%
2 - 0% - 40%
Last Minute Offensive  - 0:00
Last Minute Defensive  - 0:00
Total
Forward - 60:00
Defense - 60:00

Play by Play

1st period


0:01 of 1st period - Henrik Sedin wins face-off versus Matt Beleskey in neutral zone.
0:10 of 1st period - Slapshot by Jaden Schwartz.
0:10 of 1st period - Shot Blocked by Matt Dumba.
0:21 of 1st period - Icing by TJ Brodie.
0:22 of 1st period - Henrik Sedin wins face-off versus Mark Scheifele in Flames zone.
0:44 of 1st period - Minor Penalty to Christian Ehrhoff for Hooking.
0:45 of 1st period - Ryan O'Reilly wins face-off versus Sean Monahan in Avalanche zone.
1:09 of 1st period - Wrist shot by Johnny Gaudreau.
1:09 of 1st period - Stopped by Marc-Andre Fleury without a rebound.
1:10 of 1st period - Brad Richards wins face-off versus Jason Spezza in Avalanche zone.
1:56 of 1st period - Nate Prosser is hit by Sean Monahan and loses puck.
2:03 of 1st period - Snap shot by Martin St. Louis.
2:03 of 1st period - Deflect By Jonas Brodin.
2:03 of 1st period - Shot Misses the Net.
2:03 of 1st period - Puck is out of play.
2:04 of 1st period - Ryan O'Reilly wins face-off versus Sean Monahan in Avalanche zone.
2:39 of 1st period - Sean Monahan is hit by Daniel Winnik.
2:44 of 1st period - Penalty to Christian Ehrhoff is over, Christian Ehrhoff is back on ice.
3:00 of 1st period - Slapshot by Brad Richards.
3:00 of 1st period - Shot Misses the Net.
3:02 of 1st period - Slapshot by Nate Prosser.
3:02 of 1st period - Deflect By Brian Gionta.
3:02 of 1st period - Stopped by Antti Niemi with a rebound.
3:04 of 1st period - Slapshot by Nate Prosser.
3:04 of 1st period - Shot Blocked by Dougie Hamilton.
3:09 of 1st period - Minor Penalty to Dougie Hamilton for Roughing.
3:10 of 1st period - Henrik Sedin wins face-off versus Ryan O'Reilly in Flames zone.
3:25 of 1st period - Snap shot by Henrik Sedin.
3:25 of 1st period - Stopped by Marc-Andre Fleury without a rebound.
3:26 of 1st period - Ryan O'Reilly wins face-off versus Henrik Sedin in Avalanche zone.
3:31 of 1st period - Slapshot by Shane Doan.
3:31 of 1st period - Shot Misses the Net.
4:18 of 1st period - Antoine Vermette is hit by Lee Stempniak and loses puck.
5:02 of 1st period - Shane Doan is hit by Lee Stempniak.
5:09 of 1st period - Penalty to Dougie Hamilton is over, Dougie Hamilton is back on ice.
6:31 of 1st period - Paul Martin is hit by Dougie Hamilton.
7:12 of 1st period - Christian Ehrhoff is hit by John Klingberg and loses puck.
7:17 of 1st period - Wrist shot by Henrik Sedin.
7:17 of 1st period - Shot Misses the Net.
7:37 of 1st period - Snap shot by Matt Moulson.
7:37 of 1st period - Goal by Matt Moulson - Flames : 0 - Avalanche : 1.
7:38 of 1st period - Mark Scheifele wins face-off versus Sean Monahan in neutral zone.
7:54 of 1st period - Snap shot by Jason Pominville.
7:54 of 1st period - Stopped by Marc-Andre Fleury with a rebound.
8:22 of 1st period - Icing by Matt Dumba.
8:23 of 1st period - Mark Scheifele wins face-off versus Chris Kunitz in Avalanche zone.
8:29 of 1st period - Off-side.
8:30 of 1st period - Jason Spezza wins face-off versus Ryan O'Reilly in neutral zone.
8:41 of 1st period - Snap shot by Jason Spezza.
8:41 of 1st period - Shot Misses the Net.
9:27 of 1st period - Snap shot by Brian Gionta.
9:27 of 1st period - Stopped by Marc-Andre Fleury with a rebound.
9:35 of 1st period - Slapshot by Antoine Vermette.
9:35 of 1st period - Stopped by Marc-Andre Fleury with a rebound.
10:09 of 1st period - Mike Santorelli is hit by Henrik Sedin and loses puck.
10:16 of 1st period - Henrik Sedin is hit by Matt Moulson and loses puck.
10:45 of 1st period - Snap shot by Marcus Johansson.
10:45 of 1st period - Shot Misses the Net.
10:47 of 1st period - Slapshot by Lee Stempniak.
10:47 of 1st period - Stopped by Antti Niemi without a rebound.
10:48 of 1st period - Sean Monahan wins face-off versus Mark Scheifele in Flames zone.
11:02 of 1st period - Minor Penalty to Mark Scheifele for Tripping.
11:03 of 1st period - Ryan O'Reilly wins face-off versus Sean Monahan in Avalanche zone.
11:27 of 1st period - Wrist shot by Johnny Gaudreau.
11:27 of 1st period - Deflect By Daniel Winnik.
11:27 of 1st period - Stopped by Marc-Andre Fleury with a rebound.
11:29 of 1st period - Slapshot by John Klingberg.
11:29 of 1st period - Shot Blocked by Jonas Brodin.
11:31 of 1st period - Slapshot by TJ Brodie.
11:31 of 1st period - Shot Misses the Net.
11:33 of 1st period - Slapshot by TJ Brodie.
11:33 of 1st period - Stopped by Marc-Andre Fleury without a rebound.
11:34 of 1st period - Jason Spezza wins face-off versus Ryan O'Reilly in Avalanche zone.
13:02 of 1st period - Penalty to Mark Scheifele is over, Mark Scheifele is back on ice.
15:30 of 1st period - Daniel Winnik is hit by Sean Monahan and loses puck.
15:37 of 1st period - TJ Brodie is hit by Chris Kelly and loses puck.
16:14 of 1st period - Wrist shot by Marcus Johansson.
16:14 of 1st period - Shot Misses the Net.
16:16 of 1st period - Slapshot by Nate Prosser.
16:16 of 1st period - Shot Blocked by TJ Brodie.
16:18 of 1st period - Slapshot by Ladislav Smid.
16:18 of 1st period - Shot Misses the Net.
16:20 of 1st period - Slapshot by Nate Prosser.
16:20 of 1st period - Stopped by Antti Niemi with a rebound.
17:03 of 1st period - Henrik Sedin is hit by Matt Beleskey and loses puck.
17:14 of 1st period - Wrist shot by Matt Beleskey.
17:14 of 1st period - Shot Misses the Net.
17:42 of 1st period - Slapshot by Johnny Gaudreau.
17:42 of 1st period - Stopped by Marc-Andre Fleury with a rebound.
17:59 of 1st period - Icing by Sean Monahan.
18:00 of 1st period - Mark Scheifele wins face-off versus Jason Pominville in Flames zone.
19:03 of 1st period - Off-side.
19:04 of 1st period - Martin St. Louis wins face-off versus Chris Kelly in neutral zone.
19:11 of 1st period - Wrist shot by Jason Spezza.
19:11 of 1st period - Shot Blocked by Jonas Brodin.
19:19 of 1st period - Wrist shot by Martin St. Louis.
19:19 of 1st period - Stopped by Marc-Andre Fleury with a rebound.
19:21 of 1st period - Wrist shot by Jason Spezza.
19:21 of 1st period - Shot Misses the Net.
19:23 of 1st period - Snap shot by Brian Campbell.
19:23 of 1st period - Shot Blocked by Matt Dumba.
19:51 of 1st period - Snap shot by Lee Stempniak.
19:51 of 1st period - Stopped by Antti Niemi without a rebound.
19:52 of 1st period - Mark Scheifele wins face-off versus Henrik Sedin in Flames zone.
Goals for this period are 0 for Flames vs 1 for Avalanche.
Shots for this period are 9 for Flames vs 5 for Avalanche.

2nd period


0:01 of 2nd period - Sean Monahan wins face-off versus Ryan O'Reilly in neutral zone.
0:14 of 2nd period - Zack Smith is hit by Dougie Hamilton and loses puck.
0:22 of 2nd period - Off-side.
0:23 of 2nd period - Lee Stempniak wins face-off versus Jason Spezza in neutral zone.
0:42 of 2nd period - Wrist shot by Marcus Johansson.
0:42 of 2nd period - Shot Blocked by Chris Kunitz.
0:44 of 2nd period - Slapshot by Paul Martin.
0:44 of 2nd period - Shot Misses the Net.
0:46 of 2nd period - Slapshot by Paul Martin.
0:46 of 2nd period - Shot Blocked by Martin St. Louis.
0:52 of 2nd period - Wrist shot by Marcus Johansson.
0:52 of 2nd period - Shot Misses the Net.
1:16 of 2nd period - Johnny Gaudreau is hit by Mike Santorelli and loses puck.
1:23 of 2nd period - Snap shot by Sean Monahan.
1:23 of 2nd period - Stopped by Marc-Andre Fleury with a rebound.
1:25 of 2nd period - Snap shot by TJ Brodie.
1:25 of 2nd period - Deflect By Sean Monahan.
1:25 of 2nd period - Shot Misses the Net.
1:25 of 2nd period - Puck is out of play.
1:26 of 2nd period - Sean Monahan wins face-off versus Ryan O'Reilly in Avalanche zone.
1:41 of 2nd period - TJ Brodie is hit by Zack Smith and loses puck.
1:48 of 2nd period - Snap shot by Ryan O'Reilly.
1:48 of 2nd period - Shot Misses the Net.
1:50 of 2nd period - Slapshot by Jonas Brodin.
1:50 of 2nd period - Deflect By TJ Brodie.
1:50 of 2nd period - Stopped by Antti Niemi with a rebound.
1:52 of 2nd period - Slapshot by Ryan O'Reilly.
1:52 of 2nd period - Shot Misses the Net.
1:54 of 2nd period - Snap shot by Zack Smith.
1:54 of 2nd period - Shot Misses the Net.
2:28 of 2nd period - Jonas Brodin is hit by Erik Cole and loses puck.
2:35 of 2nd period - Wrist shot by Henrik Sedin.
2:35 of 2nd period - Stopped by Marc-Andre Fleury with a rebound.
2:37 of 2nd period - Slapshot by Kris Russell.
2:37 of 2nd period - Shot Blocked by Jonas Brodin.
2:43 of 2nd period - Dougie Hamilton is hit by Mike Santorelli.
3:03 of 2nd period - Snap shot by Marcus Johansson.
3:03 of 2nd period - Stopped by Antti Niemi with a rebound.
3:05 of 2nd period - Slapshot by Ladislav Smid.
3:05 of 2nd period - Shot Misses the Net.
3:07 of 2nd period - Slapshot by Nate Prosser.
3:07 of 2nd period - Shot Blocked by Kris Russell.
3:09 of 2nd period - Slapshot by Mark Scheifele.
3:09 of 2nd period - Shot Misses the Net.
3:11 of 2nd period - Slapshot by Ladislav Smid.
3:11 of 2nd period - Stopped by Antti Niemi with a rebound.
3:13 of 2nd period - Snap shot by Marcus Johansson.
3:13 of 2nd period - Stopped by Antti Niemi without a rebound.
3:14 of 2nd period - Brian Gionta wins face-off versus Chris Kelly in Flames zone.
3:14 of 2nd period - Brian Gionta is hit by Chris Kelly.
3:21 of 2nd period - Minor Penalty to Christian Ehrhoff for Interference.
3:22 of 2nd period - Sean Monahan wins face-off versus Ryan O'Reilly in Avalanche zone.
3:29 of 2nd period - Snap shot by Sean Monahan.
3:29 of 2nd period - Stopped by Marc-Andre Fleury without a rebound.
3:30 of 2nd period - Ryan O'Reilly wins face-off versus Sean Monahan in Avalanche zone.
3:47 of 2nd period - Snap shot by Sean Monahan.
3:47 of 2nd period - Goal by Sean Monahan - Flames : 1 - Avalanche : 1.
3:48 of 2nd period - Ryan O'Reilly wins face-off versus Jason Spezza in neutral zone.
3:51 of 2nd period - Wrist shot by Matt Beleskey.
3:51 of 2nd period - Shot Blocked by TJ Brodie.
4:03 of 2nd period - TJ Brodie is hit by Matt Beleskey and loses puck.
4:38 of 2nd period - Dougie Hamilton is hit by Mark Scheifele and loses puck.
4:49 of 2nd period - Wrist shot by Marcus Johansson.
4:49 of 2nd period - Shot Misses the Net.
4:51 of 2nd period - Slapshot by Christian Ehrhoff.
4:51 of 2nd period - Shot Misses the Net.
4:53 of 2nd period - Slapshot by Paul Martin.
4:53 of 2nd period - Stopped by Antti Niemi with a rebound.
4:55 of 2nd period - Snap shot by Paul Martin.
4:55 of 2nd period - Shot Blocked by TJ Brodie.
4:57 of 2nd period - Slapshot by Paul Martin.
4:57 of 2nd period - Deflect By Mark Scheifele.
4:57 of 2nd period - Stopped by Antti Niemi without a rebound.
4:58 of 2nd period - Sean Monahan wins face-off versus Brad Richards in Flames zone.
5:11 of 2nd period - Slapshot by Matt Moulson.
5:11 of 2nd period - Shot Blocked by Ryan Murray.
5:23 of 2nd period - Snap shot by Brad Richards.
5:23 of 2nd period - Stopped by Antti Niemi with a rebound.
5:29 of 2nd period - Wrist shot by Brad Richards.
5:29 of 2nd period - Stopped by Antti Niemi with a rebound.
5:31 of 2nd period - Snap shot by Brad Richards.
5:31 of 2nd period - Shot Misses the Net.
5:33 of 2nd period - Backhand shot by Christian Ehrhoff.
5:33 of 2nd period - Deflect By Matt Moulson.
5:33 of 2nd period - Shot Misses the Net.
5:33 of 2nd period - Puck is out of play.
5:34 of 2nd period - Mark Scheifele wins face-off versus Henrik Sedin in Flames zone.
6:31 of 2nd period - Snap shot by Matt Beleskey.
6:31 of 2nd period - Shot Blocked by Erik Cole.
6:33 of 2nd period - Slapshot by Nate Prosser.
6:33 of 2nd period - Stopped by Antti Niemi with a rebound.
6:35 of 2nd period - Backhand shot by Zack Smith.
6:35 of 2nd period - Stopped by Antti Niemi with a rebound.
6:37 of 2nd period - Snap shot by Ryan O'Reilly.
6:37 of 2nd period - Shot Blocked by Henrik Sedin.
6:39 of 2nd period - Slapshot by Nate Prosser.
6:39 of 2nd period - Deflect By Ryan O'Reilly.
6:39 of 2nd period - Shot Misses the Net.
6:39 of 2nd period - Puck is out of play.
6:40 of 2nd period - Jason Spezza wins face-off versus Brad Richards in Flames zone.
6:40 of 2nd period - Jason Spezza is hit by Ladislav Smid.
6:52 of 2nd period - Wrist shot by Jason Spezza.
6:52 of 2nd period - Shot Hit the Post.
7:31 of 2nd period - Snap shot by Jason Pominville.
7:31 of 2nd period - Shot Misses the Net.
7:33 of 2nd period - Backhand shot by Sean Monahan.
7:33 of 2nd period - Shot Misses the Net.
7:49 of 2nd period - Snap shot by Jason Pominville.
7:49 of 2nd period - Shot Misses the Net.
7:59 of 2nd period - Wrist shot by Johnny Gaudreau.
7:59 of 2nd period - Shot Blocked by Zack Smith.
8:48 of 2nd period - Snap shot by Marcus Johansson.
8:48 of 2nd period - Shot Blocked by Ryan Murray.
8:50 of 2nd period - Slapshot by Jonas Brodin.
8:50 of 2nd period - Stopped by Antti Niemi with a rebound.
8:52 of 2nd period - Slapshot by Matt Dumba.
8:52 of 2nd period - Stopped by Antti Niemi with a rebound.
9:19 of 2nd period - Kris Russell is hit by Colton Sceviour and loses puck.
9:26 of 2nd period - Wrist shot by Jason Spezza.
9:26 of 2nd period - Stopped by Marc-Andre Fleury with a rebound.
9:28 of 2nd period - Slapshot by TJ Brodie.
9:28 of 2nd period - Stopped by Marc-Andre Fleury without a rebound.
9:29 of 2nd period - Brad Richards wins face-off versus Henrik Sedin in Avalanche zone.
10:02 of 2nd period - Snap shot by Henrik Sedin.
10:02 of 2nd period - Stopped by Marc-Andre Fleury with a rebound.
10:04 of 2nd period - Slapshot by TJ Brodie.
10:04 of 2nd period - Shot Misses the Net.
10:06 of 2nd period - Snap shot by Erik Cole.
10:06 of 2nd period - Stopped by Marc-Andre Fleury without a rebound.
10:07 of 2nd period - Mark Scheifele wins face-off versus Sean Monahan in Avalanche zone.
11:09 of 2nd period - Ryan O'Reilly is hit by Chris Kunitz and loses puck.
11:18 of 2nd period - Snap shot by Jason Spezza.
11:18 of 2nd period - Shot Misses the Net.
11:20 of 2nd period - Slapshot by TJ Brodie.
11:20 of 2nd period - Stopped by Marc-Andre Fleury without a rebound.
11:21 of 2nd period - Antoine Vermette wins face-off versus Brad Richards in Avalanche zone.
11:38 of 2nd period - Snap shot by Brian Gionta.
11:38 of 2nd period - Shot Blocked by Mike Santorelli.
11:40 of 2nd period - Slapshot by John Klingberg.
11:40 of 2nd period - Shot Blocked by Ladislav Smid.
11:42 of 2nd period - Snap shot by Antoine Vermette.
11:42 of 2nd period - Stopped by Marc-Andre Fleury with a rebound.
11:44 of 2nd period - Wrist shot by Antoine Vermette.
11:44 of 2nd period - Stopped by Marc-Andre Fleury without a rebound.
11:45 of 2nd period - Ryan O'Reilly wins face-off versus Henrik Sedin in Avalanche zone.
11:47 of 2nd period - Minor Penalty to Matt Dumba for Interference.
11:48 of 2nd period - Jason Spezza wins face-off versus Ryan O'Reilly in Avalanche zone.
12:40 of 2nd period - Jonas Brodin is hit by Dougie Hamilton and loses puck.
12:47 of 2nd period - Slapshot by Johnny Gaudreau.
12:47 of 2nd period - Stopped by Marc-Andre Fleury with a rebound.
12:49 of 2nd period - Snap shot by TJ Brodie.
12:49 of 2nd period - Deflect By Martin St. Louis.
12:49 of 2nd period - Shot Misses the Net.
12:49 of 2nd period - Puck is out of play.
12:50 of 2nd period - Sean Monahan wins face-off versus Daniel Winnik in Avalanche zone.
13:03 of 2nd period - Snap shot by Sean Monahan.
13:03 of 2nd period - Shot Misses the Net.
13:05 of 2nd period - Slapshot by John Klingberg.
13:05 of 2nd period - Shot Blocked by Daniel Winnik.
13:07 of 2nd period - Snap shot by Sean Monahan.
13:07 of 2nd period - Stopped by Marc-Andre Fleury without a rebound.
13:08 of 2nd period - Ryan O'Reilly wins face-off versus Jason Spezza in Avalanche zone.
13:21 of 2nd period - Snap shot by Jason Pominville.
13:21 of 2nd period - Stopped by Marc-Andre Fleury with a rebound.
13:23 of 2nd period - Snap shot by TJ Brodie.
13:23 of 2nd period - Stopped by Marc-Andre Fleury with a rebound.
13:25 of 2nd period - Wrist shot by Jaden Schwartz.
13:25 of 2nd period - Stopped by Marc-Andre Fleury without a rebound.
13:26 of 2nd period - Jason Spezza wins face-off versus Ryan O'Reilly in Avalanche zone.
13:35 of 2nd period - Wrist shot by Jason Spezza.
13:35 of 2nd period - Stopped by Marc-Andre Fleury with a rebound.
13:37 of 2nd period - Snap shot by TJ Brodie.
13:37 of 2nd period - Shot Blocked by Jonas Brodin.
13:39 of 2nd period - Slapshot by TJ Brodie.
13:39 of 2nd period - Stopped by Marc-Andre Fleury with a rebound.
13:47 of 2nd period - Penalty to Matt Dumba is over, Matt Dumba is back on ice.
13:53 of 2nd period - Snap shot by Johnny Gaudreau.
13:53 of 2nd period - Shot Misses the Net.
14:45 of 2nd period - Snap shot by Brian Gionta.
14:45 of 2nd period - Stopped by Marc-Andre Fleury without a rebound.
14:46 of 2nd period - Brad Richards wins face-off versus Antoine Vermette in Avalanche zone.
15:01 of 2nd period - Wrist shot by Brian Gionta.
15:01 of 2nd period - Stopped by Marc-Andre Fleury with a rebound.
15:38 of 2nd period - Snap shot by Henrik Sedin.
15:38 of 2nd period - Shot Misses the Net.
15:40 of 2nd period - Snap shot by Henrik Sedin.
15:40 of 2nd period - Stopped by Marc-Andre Fleury with a rebound.
16:24 of 2nd period - Paul Martin is hit by Martin St. Louis and loses puck.
18:02 of 2nd period - Paul Martin is hit by TJ Brodie and loses puck.
18:09 of 2nd period - Paul Martin is hit by John Klingberg and loses puck.
18:16 of 2nd period - Wrist shot by Shane Doan.
18:16 of 2nd period - Shot Misses the Net.
18:34 of 2nd period - Slapshot by Erik Cole.
18:34 of 2nd period - Deflect By Paul Martin.
18:34 of 2nd period - Stopped by Marc-Andre Fleury with a rebound.
18:36 of 2nd period - Wrist shot by Jaden Schwartz.
18:36 of 2nd period - Stopped by Marc-Andre Fleury with a rebound.
18:56 of 2nd period - Matt Dumba is hit by Jaden Schwartz and loses puck.
Goals for this period are 1 for Flames vs 0 for Avalanche.
Shots for this period are 23 for Flames vs 12 for Avalanche.

3rd period


0:01 of 3rd period - Henrik Sedin wins face-off versus Ryan O'Reilly in neutral zone.
0:54 of 3rd period - Backhand shot by Marcus Johansson.
0:54 of 3rd period - Shot Blocked by John Klingberg.
0:56 of 3rd period - Snap shot by Christian Ehrhoff.
0:56 of 3rd period - Shot Misses the Net.
1:02 of 3rd period - Snap shot by Marcus Johansson.
1:02 of 3rd period - Stopped by Antti Niemi with a rebound.
1:04 of 3rd period - Slapshot by Lee Stempniak.
1:04 of 3rd period - Stopped by Antti Niemi without a rebound.
1:05 of 3rd period - Mark Scheifele wins face-off versus Sean Monahan in Flames zone.
2:22 of 3rd period - Wrist shot by Brad Richards.
2:22 of 3rd period - Stopped by Antti Niemi with a rebound.
3:07 of 3rd period - TJ Brodie is hit by Matt Beleskey and loses puck.
3:22 of 3rd period - Snap shot by Matt Beleskey.
3:22 of 3rd period - Goal by Matt Beleskey - Flames : 1 - Avalanche : 2.
3:23 of 3rd period - Chris Kelly wins face-off versus Henrik Sedin in neutral zone.
3:56 of 3rd period - Snap shot by Chris Kelly.
3:56 of 3rd period - Shot Misses the Net.
3:58 of 3rd period - Snap shot by Jonas Brodin.
3:58 of 3rd period - Shot Misses the Net.
4:00 of 3rd period - Snap shot by Chris Kelly.
4:00 of 3rd period - Shot Blocked by Erik Cole.
4:40 of 3rd period - Slapshot by Ryan O'Reilly.
4:40 of 3rd period - Shot Misses the Net.
5:51 of 3rd period - Brian Campbell is hit by Mike Santorelli and loses puck.
6:36 of 3rd period - Colton Sceviour is hit by Chris Kunitz and loses puck.
6:54 of 3rd period - Minor Penalty to Matt Dumba for Goalie Interference.
6:55 of 3rd period - Sean Monahan wins face-off versus Ryan O'Reilly in Avalanche zone.
7:29 of 3rd period - Wrist shot by Jason Pominville.
7:29 of 3rd period - Stopped by Marc-Andre Fleury without a rebound.
7:30 of 3rd period - Jason Spezza wins face-off versus Ryan O'Reilly in Avalanche zone.
7:35 of 3rd period - Snap shot by Jason Pominville.
7:35 of 3rd period - Stopped by Marc-Andre Fleury with a rebound.
7:55 of 3rd period - Snap shot by Chris Kelly.
7:55 of 3rd period - Stopped by Antti Niemi with a rebound.
7:57 of 3rd period - Snap shot by Chris Kelly.
7:57 of 3rd period - Stopped by Antti Niemi without a rebound.
7:58 of 3rd period - Ryan O'Reilly wins face-off versus Sean Monahan in Flames zone.
8:54 of 3rd period - Penalty to Matt Dumba is over, Matt Dumba is back on ice.
9:20 of 3rd period - Snap shot by Mark Scheifele.
9:20 of 3rd period - Shot Blocked by Brian Campbell.
9:22 of 3rd period - Wrist shot by Mark Scheifele.
9:22 of 3rd period - Stopped by Antti Niemi with a rebound.
9:24 of 3rd period - Snap shot by Mark Scheifele.
9:24 of 3rd period - Goal by Mark Scheifele - Flames : 1 - Avalanche : 3.
9:25 of 3rd period - Antoine Vermette wins face-off versus Brad Richards in neutral zone.
10:31 of 3rd period - Paul Martin is hit by Chris Kunitz and loses puck.
11:23 of 3rd period - Sean Monahan is hit by Matt Beleskey and loses puck.
12:12 of 3rd period - Wrist shot by Shane Doan.
12:12 of 3rd period - Shot Misses the Net.
12:14 of 3rd period - Backhand shot by Brian Campbell.
12:14 of 3rd period - Shot Hit the Post.
12:16 of 3rd period - Slapshot by Ryan Murray.
12:16 of 3rd period - Deflect By Paul Martin.
12:16 of 3rd period - Stopped by Marc-Andre Fleury without a rebound.
12:17 of 3rd period - Jason Spezza wins face-off versus Matt Moulson in Avalanche zone.
13:02 of 3rd period - Brad Richards is hit by Erik Cole and loses puck.
13:47 of 3rd period - Nate Prosser is hit by Shane Doan.
14:01 of 3rd period - Snap shot by Marcus Johansson.
14:01 of 3rd period - Stopped by Antti Niemi with a rebound.
14:59 of 3rd period - Off-side.
15:00 of 3rd period - Jason Spezza wins face-off versus Ryan O'Reilly in neutral zone.
15:55 of 3rd period - Nate Prosser is hit by Jaden Schwartz and loses puck.
16:38 of 3rd period - Snap shot by Antoine Vermette.
16:38 of 3rd period - Stopped by Marc-Andre Fleury with a rebound.
16:40 of 3rd period - Slapshot by Kris Russell.
16:40 of 3rd period - Stopped by Marc-Andre Fleury with a rebound.
16:42 of 3rd period - Snap shot by Antoine Vermette.
16:42 of 3rd period - Shot Hit the Post.
16:44 of 3rd period - Slapshot by Kris Russell.
16:44 of 3rd period - Shot Blocked by Jonas Brodin.
16:46 of 3rd period - Snap shot by Kris Russell.
16:46 of 3rd period - Stopped by Marc-Andre Fleury with a rebound.
17:28 of 3rd period - Snap shot by Matt Moulson.
17:28 of 3rd period - Shot Blocked by Jason Pominville.
17:30 of 3rd period - Snap shot by Brad Richards.
17:30 of 3rd period - Stopped by Antti Niemi with a rebound.
17:56 of 3rd period - Jason Spezza is hit by Chris Kelly and loses puck.
18:55 of 3rd period - Slapshot by Erik Cole.
18:55 of 3rd period - Stopped by Marc-Andre Fleury with a rebound.
18:57 of 3rd period - Snap shot by Jaden Schwartz.
18:57 of 3rd period - Stopped by Marc-Andre Fleury with a rebound.
18:59 of 3rd period - Wrist shot by Henrik Sedin.
18:59 of 3rd period - Stopped by Marc-Andre Fleury with a rebound.
19:19 of 3rd period - Minor Penalty to Matt Dumba for Slashing.
19:20 of 3rd period - Sean Monahan wins face-off versus Ryan O'Reilly in Avalanche zone.
19:25 of 3rd period - Wrist shot by Sean Monahan.
19:25 of 3rd period - Stopped by Marc-Andre Fleury without a rebound.
19:26 of 3rd period - Sean Monahan wins face-off versus Ryan O'Reilly in Avalanche zone.
Goals for this period are 0 for Flames vs 2 for Avalanche.
Shots for this period are 10 for Flames vs 10 for Avalanche.